 Dungeon Crawl Stone Soup version 0.29-a0-330-g52719c12eb (webtiles) character file.

Game seed: 17623271101000495593

56 dynamoDes the Conjurer (level 3, -1/19 HPs)
             Began as a Deep Elf Conjurer on Apr 14, 2022.
             Slain by a gnoll
             ... wielding a +0 flail
              (7 damage)
             ... on level 3 of the Dungeon.
             The game lasted 00:11:04 (1821 turns).

dynamoDes the Conjurer (Deep Elf Conjurer)          Turns: 1821, Time: 00:11:04

Health: -1/19      AC:  2    Str:  4    XL:     3   Next: 71%
Magic:  9/10       EV: 13    Int: 24    God:
Gold:   73         SH:  0    Dex: 13    Spells: 9/10 levels left

rFire   + . .      SeeInvis .   e - +0 dagger
rCold   . . .      Faith    .   (no shield)
rNeg    . . .      Spirit   .   a - +0 robe
rPois   .          Reflect  .   (no helmet)
rElec   .          Harm     .   (no cloak)
rCorr   +          Rampage  .   (no gloves)
Will    .....                   (no boots)
Stlth   ++........              (no amulet)
HPRegen 0.06/turn               p - ring of resist corrosion
MPRegen 0.12/turn               q - ring of protection from fire

@: no status effects
A: no striking features
a: no special abilities


You were on level 3 of the Dungeon.
You visited 1 branch of the dungeon, and saw 3 of its levels.

You collected 73 gold pieces.

Inventory:

Hand Weapons
 e - a +0 dagger (weapon)
 o - a +0 hunting sling
Missiles
 d - 4 poisoned darts
Armour
 a - a +0 robe (worn)
 h - a +0 kite shield
Jewellery
 i - an amulet of guardian spirit
 p - a ring of resist corrosion (left hand)
 q - a ring of protection from fire (right hand)
Scrolls
 g - 2 scrolls of blinking {unknown}
 k - a scroll of immolation {unknown}
 l - a scroll of teleportation {unknown}
 m - a scroll of identify {unknown}
 n - a scroll of magic mapping {unknown}
 r - a scroll of silence {unknown}
Potions
 b - a potion of magic
 c - 2 potions of curing {unknown}
 f - a potion of ambrosia {unknown}
 j - a potion of might {unknown}
 s - a potion of attraction {unknown}


   Skills:
 + Level 0.3 Short Blades
 + Level 3.2 Dodging
 + Level 3.2 Stealth
 + Level 4.0 Spellcasting
 - Level 4.7 Conjurations


You had 9 spell levels left.
You knew the following spells:

 Your Spells              Type           Power      Damage    Failure   Level
a - Magic Dart            Conj           100%       1d8       1%          1

Your spell library contained the following spells:

 Spells                   Type           Power      Damage    Failure   Level
 Searing Ray              Conj           54%        2d6       2%          2
 Dazzling Flash           Conj/Hex       32%        N/A       11%         3
 Sublimation of Blood     Necr           4%         N/A       14%         2
 Wereblood                Tmut           4%         N/A       14%         2
 Fulminant Prism          Conj/Hex       8%         3d7       36%         4
 Iskenderun's Mystic Bla  Conj/Tloc      16%        2d5       36%         4
 Summon Hydra             Summ           2%         N/A       100%        7


Dungeon Overview and Level Annotations

Branches:
Dungeon (3/15)

Altars:
Trog


Message History

Aim: a gnoll, wielding a +0 whip (moderately wounded, 100% to hit)
The magic dart hits the gnoll.
The gnoll is moderately wounded.
The gnoll shouts!
A gnoll comes into view. It is wielding a +0 whip.
An orc comes into view. It is wielding a +0 hand axe.
Aiming: Magic Dart (safe; 1% risk of failure)
Press: ? - help, Q - select action, (/) - cycle Shift-Dir - straight line, f/p - gnoll
Aim: a gnoll, wielding a +0 whip (moderately wounded, 100% to hit)
The magic dart hits the gnoll.
The gnoll is severely wounded.
There is an open door here.
You see here a dart slug corpse.
There is an open door here.
Aiming: Magic Dart (safe; 1% risk of failure)
Press: ? - help, Q - select action, (/) - cycle Shift-Dir - straight line, f/p - gnoll
Aim: a gnoll, wielding a +0 whip (heavily wounded, 100% to hit)
The magic dart hits the gnoll!
The gnoll is heavily wounded.
Aiming: Magic Dart (safe; 1% risk of failure)
Press: ? - help, Q - select action, (/) - cycle Shift-Dir - straight line, f/p - gnoll
Aim: a gnoll, wielding a +0 whip (heavily wounded, 100% to hit)
The magic dart hits the gnoll.
The gnoll is severely wounded.
Aiming: Magic Dart (safe; 1% risk of failure)
Press: ? - help, Q - select action, (/) - cycle Shift-Dir - straight line, f/p - gnoll
Aim: a gnoll, wielding a +0 whip (heavily wounded, 100% to hit)
The magic dart hits the gnoll.
The gnoll is severely wounded.
The gnoll barely misses you. The gnoll attacks as you move away!
The gnoll closely misses you.
There is an open door here.
You open the door. The gnoll hits you with a +0 flail!
The gnoll attacks as you move away! The gnoll barely misses you.
There is an open door here.
The gnoll attacks as you move away! The gnoll hits you with a +0 flail.
* * * LOW HITPOINT WARNING * * *
The gnoll attacks as you move away! The gnoll closely misses you.
The gnoll attacks as you move away! The gnoll hits you with a +0 flail!
You die...

#.# #.# #### #.# #.# ...
#.# #.#
#.#####+###.#####
######...............#
#...............####.#
#...............# #.#
#...............# #.#
#......@........# #.#
### #######g##+######
#.# ..# #g......# #.#
..# #g......# #.#
..##### ######.g.....#
#.# ..#...#
#....#.o.....# ####.#
.o#...#####....###..####
#....#
..'..†'...'...ggg..>#
#.####
..#..)#####....####.##
#.#


You could see 4 gnolls and an orc.

Vanquished Creatures
  An adder (D:3)
  A worm (D:2)
  4 dart slugs
  2 endoplasms
  2 giant cockroaches
  4 goblins
  6 hobgoblins
  A jackal (D:1)
  5 kobolds
  4 ball pythons
  2 bats (D:2)
  A frilled lizard (D:1)
  2 rats
35 creatures vanquished.

Vanquished Creatures (others)
  5 plants (D:1)
5 creatures vanquished.

Grand Total: 40 creatures vanquished

Notes
Turn   | Place    | Note
-------+----------+-------------------------------------------
     0 | D:1      | dynamoDes the Deep Elf Conjurer began the quest for the
                  | Orb.
     0 | D:1      | Reached XP level 1. HP: 10/10 MP: 6/6
   227 | D:1      | Reached XP level 2. HP: 10/15 MP: 5/8
   957 | D:2      | Found a bloodstained altar of Trog.
  1016 | D:2      | Reached XP level 3. HP: 19/19 MP: 2/10
  1775 | D:3      | Found a bloodstained altar of Trog.
  1821 | D:3      | Slain by a gnoll

Illustrated notes

Levels and vault maps discovered:
D:1:      eino_arrival_water_cross, layout_loops_ring, minmay_tromino_v7
D:2:      layout_rooms, basic_altar
D:3:      layout_basic, mainiacjoe_overflow_brackets,
          ebering_ecumenical_altar_hall, serial_shops, shop, uniq_jessica

Skill      XL: |  1  2  3 |
---------------+----------+-----
Stealth        | 3 |  3.2
Dodging        | 3 |  3.2
Spellcasting   | 4 |  4.0
Short Blades   | |  0.3
Conjurations   | |  4.7

Action                   || total
-------------------------++-------
 Cast: Magic Dart        ||    80
Armor: Robe              ||     2
Dodge: Dodged            ||    11

Table legend: (Time is in decaauts)
 A = Elapsed time spent in this place.
 B = Non-inter-level travel time spent in this place.
 C = Inter-level travel time spent in this place.
 D = Time resting spent in this place.
 E = Time spent auto-exploring this place.
 F = Levels seen in this place.
 G = Mean time per level.
                   A        B        C        D        E       F      G
               +--------+--------+--------+--------+--------+-----+--------+
         Total |   1819 |   1819 |      0 |    255 |   1241 |   3 |  606.3 |
       Dungeon |   1819 |   1819 |      0 |    255 |   1241 |   3 |  606.3 |
               +--------+--------+--------+--------+--------+-----+--------+

Top non-repeatable levels by time:
     D:1: 865 daAuts
     D:2: 605 daAuts
     D:3: 347 daAuts
